 Dungeon Crawl Stone Soup version 0.21-a0-265-gb353147 (webtiles) character file.

161 Monsterracer the Chopper (level 5, -2/49 HPs)
             Began as a Deep Dwarf Fighter on Sept 12, 2017.
             Slain by Blork the orc
             ... wielding a +0 halberd
              (12 damage)
             ... on level 4 of the Dungeon.
             The game lasted 00:02:14 (1851 turns).

Monsterracer the Chopper (Deep Dwarf Fighter)       Turns: 1851, Time: 00:02:14

Health: -2/49      AC:  7    Str: 26    XL:     5   Next: 18%
Magic:  5/5        EV:  8    Int:  8    God:
Gold:   139        SH: 10    Dex: 12    Spells: 4/4 levels left

rFire    . . .     SeeInvis .   a - +0 war axe
rCold    . . .     Gourm    .   c - +0 shield
rNeg     . . .     Faith    .   m - +0 scale mail
rPois    .         Spirit   .   (no helmet)
rElec    .         Reflect  .   (no cloak)
rCorr    .         Harm     .   (no gloves)
MR       .....                  (no boots)
Stlth    ..........             (no amulet)
HPRegen  0.00/turn              (no ring)
MPRegen  0.09/turn              (no ring)

@: mighty, non-regenerating
A: damage resistance, heal wounds, sense surroundings 1, no regeneration
a: Heal Wounds


You were on level 4 of the Dungeon.
You were hungry.

You visited 1 branch of the dungeon, and saw 4 of its levels.

You collected 139 gold pieces.

Inventory:

Hand Weapons
 a - a +0 war axe (weapon)
 b - a +2 mace of draining
Armour
 c - a +0 shield (worn)
 m - a +0 scale mail (worn)
Scrolls
 e - 5 scrolls of teleportation
 i - a scroll of identify
 n - a scroll of enchant weapon {unknown}
 p - a scroll of amnesia {unknown}
 q - a scroll of fear {unknown}
Potions
 d - a potion of might
 g - a potion of curing
 h - 2 potions of lignification
 j - 2 potions of mutation
Comestibles
 f - 5 bread rations
 o - a meat ration
 r - 4 fruits


   Skills:
 * Level 3.5 Fighting
 * Level 4.0 Axes
 + Level 3.9 Armour
 + Level 1.6 Dodging
 + Level 3.7 Shields


You had 4 spell levels left.
You didn't know any spells.

Dungeon Overview and Level Annotations

Branches:
Dungeon (4/15)
 Temple: D:4-7

Altars:
Kikubaaqudgha
Vehumet

Annotations:
D:4 Blork the orc, Pikel


Innate Abilities, Weirdness & Mutations

You are resistant to damage.
You can heal yourself by infusing magical energy.
You passively map a small area around you.
You do not regenerate.


Message History

* * * LOW HITPOINT WARNING * * *
Pikel freezes you.
The howler monkey hoots and howls with incredible vigour!
The ball python bites you but does no damage.
The ball python grabs you. The ball python constricts you.
Pikel hits you but does no damage.
You hear a shout! x2; You hear an angry hiss.
You hear a shout! x2
A slave comes into view.
Huge Dmg: -8%(-4hp) hp: 21%(10hp) Unknown command.
Your shield and scale mail prevent you from hitting Blork the orc.
Blork the orc is heavily wounded.
You slice the ball python!!
You kill the ball python!
You hit Pikel but do no damage. You slash the howler monkey!
Blork the orc closely misses you.
The slave moves out of view.
The howler monkey closely misses you.
The orc throws a tomahawk.
The tomahawk barely misses you. You block Pikel's attack.
The howler monkey barely misses you. Blork the orc hits you with a halberd!
You die...

* * * , * .# ##
.# ,,.#* .# ..
.# **#. .######
* #.###.......
**
#####...(h.....#
* .......K@o.#
........#)#...."
, ,#######p#o#
*### * #.#o. ***
, ,, #>.p.# * ,
, , , ....## ,,
* * ##... ..! *
* ...,


You could see Pikel, Blork the orc, 2 slaves, a howler monkey and 2 orcs.

Vanquished Creatures
  A howler monkey (D:4)
  A worker ant (D:3)
  An adder (D:2)
  2 oozes
  2 worms
  A dart slug (D:1)
  A leopard gecko (D:1)
  6 orcs
  A bat zombie (D:2)
  5 giant cockroaches
  7 goblins
  8 hobgoblins
  2 jackals (D:3)
  A quokka (D:2)
  A ball python (D:4)
  10 bats
  7 frilled lizards
  4 kobolds
  A quokka skeleton (D:4)
  8 rats
  A rat zombie (D:2)
71 creatures vanquished.

Notes
Turn   | Place    | Note
-------+----------+-------------------------------------------
     0 | D:1      | Monsterracer the Deep Dwarf Fighter began the quest for the Orb.
     0 | D:1      | Reached XP level 1. HP: 20/20 MP: 1/1
   194 | D:1      | Reached XP level 2. HP: 22/27 MP: 2/2
   267 | D:1      | Reached skill level 3 in Axes
   311 | D:1      | Reached XP level 3. HP: 25/33 MP: 3/3
   659 | D:2      | HP: 17/34 [frilled lizard (1)]
   895 | D:2      | Found an ancient bone altar of Kikubaaqudgha.
   938 | D:2      | Reached skill level 1 in Dodging
  1498 | D:3      | Reached XP level 4. HP: 33/42 MP: 4/4
  1513 | D:3      | Found a radiant altar of Vehumet.
  1590 | D:3      | HP: 21/42 [orc/hand axe (1)]
  1842 | D:4      | Noticed Blork the orc
  1845 | D:4      | Noticed Pikel
  1847 | D:4      | HP: 21/42 [Blork the orc/halberd (6)]
  1849 | D:4      | Noticed a slave
  1849 | D:4      | Reached XP level 5. HP: 15/49 MP: 5/5
  1850 | D:4      | Reached skill level 4 in Axes
  1850 | D:4      | HP: 10/49 [Pikel/whip of freezing (4)]
  1851 | D:4      | Noticed a slave
  1851 | D:4      | Slain by Blork the orc

Vault maps used:
D:1:      minmay_arrival_widening_spiral_wide
D:2:      lemuel_zombie_altar_kikubaaqudgha, first_bread, minmay_hedge_maze
D:3:      nicolae_overflow_crystal_walls
D:4:      uniq_pikel, uniq_blork_the_orc

Skill      XL: |  1  2  3  4  5 |
---------------+----------------+-----
Axes           | 3 4 |  4.0
Fighting       | 3 |  3.5
Dodging        | 1 |  1.6
Armour         | |  3.9
Shields        | |  3.7

Action                   |  1- 3 |  4- 6 || total
-------------------------+-------+-------++-------
Melee: War axe           |   154 |    65 ||   219
 Abil: Heal Wounds       |     1 |     1 ||     2
  Use: Scroll            |       |     5 ||     5
       Potion            |       |     1 ||     1
  Eat: Chunk             |     1 |     2 ||     3
Armor: Scale mail        |    61 |    27 ||    88
Dodge: Dodged            |    41 |    24 ||    65
Block: Shield            |    87 |    43 ||   130

Table legend:
 A = Spawn XP
 B = Non-spawn XP
 C = Spawn XP percentage of total XP
 D = Spawn monster count
 E = Non-spawn monster count
 F = Spawn count percentage of total count
 G = Total turns spent on level
                    A         B        C        D         E        F      G
               +---------+---------+-------+---------+---------+-------+---------
         Total |       0 |     230 |   0.0 |       0 |      71 |   0.0 |  1851
               +---------+---------+-------+---------+---------+-------+---------
           D:1 |       0 |      56 |   0.0 |       0 |      31 |   0.0 |   592
           D:2 |       0 |      40 |   0.0 |       0 |      16 |   0.0 |   903
           D:3 |       0 |      78 |   0.0 |       0 |      20 |   0.0 |   343
           D:4 |       0 |      56 |   0.0 |       0 |       4 |   0.0 |    13
               +---------+---------+-------+---------+---------+-------+---------
